 Dungeon Crawl Stone Soup version 0.20-a0-350-ga83eecc (webtiles) character file.

116 HarryHood the Skirmisher (level 5, -2/36 HPs)
             Began as a Gargoyle Berserker on Dec 24, 2016.
             Was a Believer of Trog.
             Slain by Shayle's ghost (9 damage)
             ... on level 3 of the Dungeon.
             The game lasted 00:06:09 (1957 turns).

HarryHood the Skirmisher (Gargoyle Berserker)       Turns: 1957, Time: 00:06:10

Health: -2/36      AC: 10    Str: 21    XL:     5   Next: 0%
Magic:  5/5        EV: 11    Int:  7    God:    Trog [**....]
Gold:   224        SH:  0    Dex: 10    Spells: 4/4 levels left

rFire  . . .     SeeInvis .     a - +0 mace
rCold  . . .     Gourm    .     f - +1 ring mail
rNeg   + . .     Faith    .     (no shield)
rPois  ∞         Spirit   .     (no helmet)
rElec  +         Reflect  .     (no cloak)
rCorr  .         Harm     .     (no gloves)
MR     .....                    (no boots)
Stlth  ..........               (no amulet)
                                (no ring)
                                (no ring)

@: exhausted, slowed, very slow
A: negative energy resistance 1, electricity resistance, unbreathing,
petrification resistance, rot immunity, AC +4
a: Berserk, Trog's Hand, Burn Spellbooks, Renounce Religion


You were on level 3 of the Dungeon.
You worshipped Trog.
Trog was pleased with you.
You were near starving.

You visited 1 branch of the dungeon, and saw 3 of its levels.

You collected 224 gold pieces.

Inventory:

Hand Weapons
 a - a +0 mace (weapon)
Armour
 f - a +1 ring mail (worn)
Scrolls
 d - 3 scrolls of remove curse {@r2}
 i - 2 scrolls of identify {@r1}
Potions
 b - a potion of berserk rage {unknown}
 e - 3 potions of curing
 j - a potion of brilliance {unknown}
 m - a potion of lignification {unknown}
 n - a potion of heal wounds {unknown}
 o - 2 potions of invisibility {unknown}
Comestibles
 c - 5 bread rations {@e1}
 g - a beef jerky
 h - 2 chunks of flesh
 k - a meat ration {@e3}
 p - a slice of pizza


   Skills:
 - Level 6.0 Fighting
 * Level 3.0 Maces & Flails
 - Level 2.1 Armour
 - Level 1.5 Dodging


You had 4 spell levels left.
You didn't know any spells.

Dungeon Overview and Level Annotations

Branches:
Dungeon (3/15)

Altars:
Qazlal

Annotations:
D:3 Shayle's ghost, amateur MiMo


Innate Abilities, Weirdness & Mutations

You are resistant to torment.
Your stone body is resilient. (AC +4)
You are immune to poison.
You resist negative energy. (rN+)
You are resistant to electric shocks. (rElec)
You can survive without breathing.
You are immune to petrification.
You are immune to rotting.


Message History

Shayle's ghost barely misses you.
You closely miss Shayle's ghost.
Shayle's ghost is almost destroyed.
You are no longer berserk.
You are exhausted.
You feel yourself slow down. Shayle's ghost barely misses you.
You hit Shayle's ghost but do no damage.
Shayle's ghost is almost destroyed.
Shayle's ghost hits you.
* * * LOW HITPOINT WARNING * * *
Shayle's ghost shouts, "I have seen your future, and it is all used up."
Shayle's ghost barely misses you.
Your ring mail prevents you from hitting Shayle's ghost.
Shayle's ghost is almost destroyed.
Shayle's ghost misses you. Shayle's ghost barely misses you.
You hit Shayle's ghost but do no damage.
Shayle's ghost is almost destroyed.
Shayle's ghost closely misses you. Shayle's ghost hits you!
You die...

#............#.###.#
#####.....##.......#
######.#..####.###.#
#.........####.###.###
######................
####.########.... #.#
#..## ###.########.#
#.># ........@W)..#
#..# ........####.#
#..# ###.###.# #.#
#..# # #.# #.# #..#
#.# #.# #..# ##.####.#
#..## .......(# #...#
........### ###...#
##.###....####......


You could see Shayle's ghost.

Vanquished Creatures
  An orc priest (D:3)
  Jessica (D:2)
  An adder (D:2)
  A worm (D:2)
  3 dart slugs
  2 orcs (D:3)
  A ball python (D:2)
  A giant cockroach (D:2)
  6 goblins
  2 hobgoblins
  5 kobolds
  A quokka (D:2)
  6 bats
  2 frilled lizards (D:2)
  10 rats
43 creatures vanquished.

Notes
Turn   | Place    | Note
-------+----------+-------------------------------------------
     0 | D:1      | HarryHood the Gargoyle Berserker began the quest for the Orb.
     0 | D:1      | Reached XP level 1. HP: 14/14 MP: 1/1
   179 | D:1      | Reached XP level 2. HP: 17/20 MP: 2/2
   315 | D:1      | Reached skill level 4 in Fighting
  1102 | D:2      | Noticed Jessica
  1107 | D:2      | Killed Jessica
  1107 | D:2      | Reached skill level 5 in Fighting
  1107 | D:2      | Reached XP level 3. HP: 23/26 MP: 3/3
  1114 | D:2      | Reached ** piety under Trog
  1369 | D:2      | Reached XP level 4. HP: 29/31 MP: 4/4
  1642 | D:2      | Found a stormy altar of Qazlal.
  1882 | D:3      | Reached skill level 6 in Fighting
  1882 | D:3      | Reached XP level 5. HP: 14/36 MP: 5/5
  1929 | D:3      | Noticed Shayle's ghost (amateur MiMo)
  1957 | D:3      | Slain by Shayle's ghost

Vault maps used:
D:1:      onia_arrival_mini_maze
D:2:      grunt_qazlal_clouds, uniq_jessica
D:3:      yredelemnul_forgotten_temple_becter, nicolae_dithmenos_shadow_blocks

Skill      XL: |  1  2  3  4 |
---------------+-------------+-----
Fighting       | 5 6 |  6.0
Maces & Flails | |  3.0
Armour         | |  2.1
Dodging        | |  1.5

Action                   |  1- 3 |  4- 6 || total
-------------------------+-------+-------++-------
Melee: Mace              |    74 |    79 ||   153
Invok: Berserk           |       |     2 ||     2
       Trog's Hand       |       |     1 ||     1
  Use: Scroll            |     4 |     3 ||     7
  Eat: Chunk             |     1 |     3 ||     4
Armor: Animal skin       |     5 |       ||     5
       Leather armour    |     5 |       ||     5
       Ring mail         |    11 |    27 ||    38
Dodge: Dodged            |    45 |    47 ||    92
